 Dungeon Crawl Stone Soup version 0.25-a0-166-g16436c4407 (webtiles) character file.

Game seed: 12444178280088106737, levelgen mode: deterministic

1614 Leibowitz the Spear-Bearer (level 8, -6/63 HPs)
             Began as a Merfolk Gladiator on Sept 26, 2019.
             Was a Believer of Okawaru.
             Killed by divine providence
             ... invoked by an orc priest
              (14 damage)
             ... on level 7 of the Dungeon on Nov 24, 2019.
             The game lasted 00:25:03 (6640 turns).

Leibowitz the Spear-Bearer (Merfolk Gladiator)      Turns: 6640, Time: 00:25:04

Health: -6/63      AC:  7    Str: 12 (14) XL:     8   Next: 96%
Magic:  7/7        EV: 16    Int:  6 (7)  God:    Okawaru [**....]
Gold:   318        SH:  0    Dex: 16 (18) Spells: 7/7 levels left

rFire    + . .     SeeInvis .   a - +1 trident
rCold    + . .     Gourm    .   (no shield)
rNeg     . . .     Faith    +   b - +0 leather armour
rPois    .         Spirit   .   c - +0 helmet
rElec    .         Reflect  .   D - scarf {rC+ rF+}
rCorr    +         Harm     .   y - +2 pair of gloves
MR       .....                  (no boots)
Stlth    +.........             g - amulet of faith
HPRegen  0.20/turn              x - ring of resist corrosion
MPRegen  0.10/turn              (no ring)

@: marked
A: change form in water, swift swim, stealthy swim, low mp 1
a: Heroism, Renounce Religion


You were on level 7 of the Dungeon.
You worshipped Okawaru.
Okawaru was pleased with you.
You were near starving.

You visited 2 branches of the dungeon, and saw 8 of its levels.

You collected 318 gold pieces.

Inventory:

Hand Weapons
 a - a +1 trident (weapon)
Missiles
 d - a throwing net (quivered)
Armour
 b - a +0 leather armour (worn)
 c - a +0 helmet (worn)
 y - a +2 pair of gloves (worn)
 D - a scarf of resistance (worn)
Jewellery
 g - an amulet of faith (around neck)
 h - an uncursed ring of ice
 x - a ring of resist corrosion (left hand)
Wands
 m - a wand of iceblast (2)
 E - a wand of acid (4)
Scrolls
 i - 8 scrolls of remove curse
 l - a scroll of magic mapping
 n - 2 scrolls of teleportation
 o - a scroll of amnesia
 p - 4 scrolls of identify
Potions
 e - 2 potions of curing
 k - 2 potions of agility
 q - a potion of might
 z - 2 potions of brilliance
Comestibles
 f - 7 rations


   Skills:
 * Level 5.6 Fighting
 * Level 11.5 Polearms
 - Level 2.0 Throwing
 * Level 3.0 Armour
 * Level 7.1 Dodging


You had 7 spell levels left.
You didn't know any spells.
Your spell library contained the following spells:

 Spells                   Type           Power        Failure   Level  Hunger
 Animate Skeleton         Necr           N/A          54%         1    ##.....
 Pain                     Necr           #...         54%         1    ##.....
 Corpse Rot               Necr           N/A          67%         2    ###....
 Regeneration             Chrm/Necr      #.........   88%         3    ####...
 Spectral Weapon          Hex/Chrm       #.......     88%         3    ####...
 Cause Fear               Hex            #.........   99%         4    #####..
 Death Channel            Necr           #.........   100%        6    #######


Dungeon Overview and Level Annotations

Branches:
Dungeon (7/15)             Temple (1/1) D:4

Altars:
Ashenzari
Cheibriados
Dithmenos
Elyvilon
Fedhas
Gozag
Kikubaaqudgha
Makhleb
Nemelex Xobeh
Okawaru
Qazlal
Ru
Uskayaw
Vehumet
Wu Jian
Xom
Yredelemnul
Zin
The Shining One

Annotations:
D:7 Harold


Innate Abilities, Weirdness & Mutations

You revert to your normal form in water.
You are very nimble and swift while swimming.
You are very stealthy in the water. (Stealth+)
Your magical capacity is low. (-10% MP)


Message History

Evoke which item? (* to show all) (? for menu, Esc to quit)
Aiming: Corrosive Bolt
Press: ? - help, Shift-Dir - straight line, f/p - orc priest
Aim: an orc priest, wielding a +0 flail The bolt of acid hits the hippogriff!
The hippogriff is splashed with acid.
The hippogriff is almost dead.
The bolt of acid hits the jelly.
The jelly completely resists.
The bolt of acid hits the orc!
The orc is splashed with acid!
You kill the orc!
Okawaru accepts your kill. The hippogriff bites you.
* * * LOW HITPOINT WARNING * * *
The hippogriff pecks you.
* * * LOW HITPOINT WARNING * * *
The hippogriff claws you but does no damage.
The crimson imp laughs crazily.
The crimson imp barely misses you.
The orc priest invokes the aid of Beogh against you.
Beogh smites you!
You die...

########. #.........
#.........#
#(........#.
#######oo.......?....
#..5@HJh.............
#.#####Oh............
####h......$.......
#.(...hO...........
#....##..............
#......H.............
.........)...<.....#
#.##.##..######..?.#
.)#.....## .###


You could see a hippogriff, an ogre, a jelly, 2 orc priests, a crimson imp and 2
jackals.

Vanquished Creatures
  Sigmund (D:3)
  Menkaure (D:6)
  An ice beast (D:5)
  An ogre (D:5)
  A centaur (D:7)
  3 bullfrogs
  A centaur zombie (D:5)
  5 crimson imps
  2 orc priests
  A jelly (D:6)
  4 orc wizards
  Crazy Yiuf (D:6)
  Terence (D:3)
  4 worker ants
  A killer bee zombie (D:6)
  A hound zombie (D:6)
  Robin (D:3)
  3 gnolls (D:5)
  11 adders
  A shadow imp (D:4)
  An adder skeleton (D:6)
  A worm (D:4)
  9 leopard geckos
  19 orcs
  A ball python (D:2)
  6 giant cockroaches
  17 hobgoblins
  17 jackals
  5 quokkas
  11 bats
  7 frilled lizards
  16 goblins
  4 goblin skeletons (D:4)
  3 hobgoblin zombies (D:4)
  A jackal zombie (D:5)
  8 kobolds
  3 kobold skeletons (D:4)
  A kobold zombie (D:4)
  An orc zombie (D:4)
  9 rats
185 creatures vanquished.

Vanquished Creatures (others)
  A kobold (D:3)
1 creature vanquished.

Grand Total: 186 creatures vanquished

Notes
Turn   | Place    | Note
-------+----------+-------------------------------------------
     0 | D:1      | Leibowitz the Merfolk Gladiator began the quest for the
                  | Orb.
     0 | D:1      | Reached XP level 1. HP: 16/16 MP: 1/1
   167 | D:1      | Reached XP level 2. HP: 22/22 MP: 2/2
   389 | D:1      | Reached skill level 5 in Polearms
   705 | D:1      | Reached XP level 3. HP: 28/28 MP: 3/3
   969 | D:2      | Reached XP level 4. HP: 31/34 MP: 4/4
  1149 | D:2      | Reached skill level 6 in Polearms
  1471 | D:3      | Noticed Sigmund
  1635 | D:3      | Noticed Terence
  1664 | D:3      | Killed Terence
  1664 | D:3      | Reached XP level 5. HP: 24/41 MP: 5/5
  1826 | D:3      | Reached skill level 5 in Dodging
  2030 | D:3      | Killed Sigmund
  2030 | D:3      | Reached skill level 7 in Polearms
  2030 | D:3      | Reached skill level 1 in Armour
  2030 | D:3      | Reached XP level 6. HP: 39/47 MP: 6/6
  2043 | D:3      | Noticed Robin
  2075 | D:3      | Killed Robin
  2143 | D:3      | Found a shadowy altar of Dithmenos.
  3098 | D:3      | Upgraded the game from 0.24-a0-652-g46ecf6da75 to
                  | 0.25-a0-163-g00f8f0cddd
  3202 | D:4      | Reached skill level 8 in Polearms
  3450 | D:4      | Reached XP level 7. HP: 41/53 MP: 7/7
  3551 | D:4      | Found a sacrificial altar of Ru.
  3551 | D:4      | Found a glowing golden altar of the Shining One.
  3765 | D:4      | Found a staircase to the Ecumenical Temple.
  3775 | Temple   | Entered the Ecumenical Temple
  3937 | Temple   | Became a worshipper of Warmaster Okawaru
  4064 | D:5      | Entered Level 5 of the Dungeon
  4265 | D:5      | Reached skill level 9 in Polearms
  4780 | D:5      | Reached * piety under Okawaru
  4780 | D:5      | Reached XP level 8. HP: 61/61 MP: 8/8
  4862 | D:5      | Reached skill level 10 in Polearms
  4933 | D:5      | You fall into a shaft and drop 1 floor!
  5017 | D:6      | Found a runed translucent door.
  5018 | D:6      | Noticed Crazy Yiuf
  5028 | D:6      | Killed Crazy Yiuf
  5166 | D:6      | Reached skill level 5 in Fighting
  5341 | D:6      | Noticed Menkaure
  5359 | D:6      | Upgraded the game from 0.25-a0-163-g00f8f0cddd to
                  | 0.25-a0-166-g16436c4407
  5382 | D:7      | Noticed Harold
  5382 | D:7      | Noticed a hippogriff
  5896 | D:6      | Gained mutation: You are weak. (Str -2) [potion of
                  | mutation]
  5896 | D:6      | Gained mutation: Your magical capacity is low. (-10% MP)
                  | [potion of mutation]
  5896 | D:6      | Lost mutation: You are weak. (Str -2) [potion of mutation]
  5943 | D:6      | Identified Cuptoax's Incunabulum of Execration and Stolen
                  | Souls
  5975 | D:6      | Killed Menkaure
  5975 | D:6      | Reached ** piety under Okawaru
  5975 | D:6      | Reached skill level 11 in Polearms
  6640 | D:7      | Killed from afar by an orc priest

Levels and vault maps discovered:
D:1:      dpeg_arrival_three_same_balls, layout_basic
D:2:      layout_rooms, first_ration, feat_on_display
D:3:      layout_rooms, nicolae_dithmenos_shadow_blocks,
          serial_co_window_serial, co_window_of_opportunity_a,
          co_window_paths_b, co_window_corner_a, co_window_corner_a,
          co_window_corner_a, co_window_corner_a, co_window_unsneaky_path_c,
          co_window_broadway_c, co_window_corner_b, co_window_corner_b,
          co_window_corner_b, co_window_corner_cb, co_window_sun,
          glass_columns_c, uniq_sigmund, uniq_robin, uniq_terence
D:4:      layout_rooms, nicolae_tso_besieged_by_evil,
          nicolae_overflow_hidden_temple, minmay_temple_entry_statues_pillars
D:5:      lemuel_ice_spiral_2, layout_basic, kennysheep_generic_room_2
D:6:      layout_loops_ring, sigmund_army, uniq_crazy_yiuf_cottage,
          uniq_menkaure
D:7:      layout_rooms, uniq_harold
Temple:   eino_temple_rhombus

Skill      XL: |  1  2  3  4  5  6  7  8 |
---------------+-------------------------+-----
Polearms       | 5 6 7 8 9 11 | 11.5
Fighting       | 3 4 5 |  5.6
Dodging        | 5 6 7 |  7.1
Armour         | 1 2 3 |  3.0
Throwing       | |  2.0

Action                   |  1- 3 |  4- 6 |  7- 9 || total
-------------------------+-------+-------+-------++-------
Melee: Trident           |   126 |   254 |   403 ||   783
       Punch             |       |       |     1 ||     1
Throw: Throwing net      |       |     1 |     1 ||     2
Invok: Heroism           |       |       |     1 ||     1
Evoke: Wand              |       |       |     3 ||     3
  Use: Potion            |       |     3 |     5 ||     8
       Scroll            |       |       |    12 ||    12
 Stab: Sleeping          |     1 |     1 |       ||     2
       Held in net/web   |       |     2 |       ||     2
       Distracted        |       |       |     1 ||     1
  Eat: Chunk             |       |     5 |     9 ||    14
       Ration            |       |     1 |       ||     1
Armor: Leather armour    |    28 |    50 |    70 ||   148
Dodge: Dodged            |    85 |   209 |   331 ||   625

Table legend:
 A = Non-vault XP
 B = Vault XP
 C = Vault XP percentage of total XP
 D = Non-vault monster count
 E = Vault monster count
 F = Vault count percentage of total count
                 A         B        C        D         E       F
            +---------+---------+-------+---------+---------+-------
      Total |    1732 |     575 |  24.9 |     150 |      36 |  19.4
            +---------+---------+-------+---------+---------+-------
        D:1 |      37 |       0 |   0.0 |      25 |       0 |   0.0
        D:2 |     101 |       0 |   0.0 |      36 |       0 |   0.0
        D:3 |     100 |     292 |  74.5 |      24 |      13 |  35.1
        D:4 |     181 |      62 |  25.5 |      18 |      13 |  41.9
        D:5 |     658 |       0 |   0.0 |      22 |       0 |   0.0
        D:6 |     403 |     221 |  35.4 |      17 |      10 |  37.0
        D:7 |     252 |       0 |   0.0 |       8 |       0 |   0.0
            +---------+---------+-------+---------+---------+-------
